 Dungeon Crawl Stone Soup version 0.30.0-29-ga12c61a403 (webtiles) character file.

Game seed: 3247757470103966462

59 Peloso the Trooper (level 3, 0/34 HPs)
             Began as a Minotaur Fighter on June 23, 2023.
             Killed from afar by Robin (12 damage)
             ... with a puff of flame
             ... on level 2 of the Dungeon.
             The game lasted 00:02:14 (1353 turns).

Peloso the Trooper (Minotaur Fighter)               Turns: 1353, Time: 00:02:15

Health: 0/34       AC:  7    Str: 20    XL:     3   Next: 78%
Magic:  2/2        EV:  8    Int:  5    God:
Gold:   153        SH:  8    Dex: 11    Spells: 2/2 levels left

rFire   . . .        a - +0 long sword
rCold   . . .        d - +0 kite shield
rNeg    . . .        b - +0 scale mail
rPois   .            (helmet restricted)
rElec   .            (no cloak)
rCorr   .            (no gloves)
SInv    .            (no boots)
Will    .....        (no amulet) Stlth
                     (no ring)
HPRegen 0.25/turn    (no ring)
MPRegen 0.08/turn

%: no passive effects
@: no status effects
A: horns 2, retaliatory headbutt
a: no special abilities


You were on level 2 of the Dungeon.
You visited 1 branch of the dungeon, and saw 2 of its levels.

You collected 153 gold pieces.

Inventory:

Hand Weapons
 a - a +0 long sword (weapon)
Missiles
 j - a throwing net (quivered)
Armour
 b - a +0 scale mail (worn)
 c - a +0 buckler
 d - a +0 kite shield (worn)
Jewellery
 h - a ring of magical power
 p - a ring of willpower
Scrolls
 e - a scroll of enchant weapon {unknown}
 f - 2 scrolls of teleportation {unknown}
 g - a scroll of enchant armour {unknown}
 k - a scroll of immolation {unknown}
 n - a scroll of poison {unknown}
 o - a scroll of identify
Potions
 i - 2 potions of berserk rage
 l - 2 potions of might
 m - a potion of flight {unknown}


   Skills:
 + Level 4.3 Fighting
 + Level 3.4 Long Blades
 + Level 4.2 Armour
 + Level 0.2 Dodging
 + Level 4.0 Shields


You had 2 spell levels left.
You didn't know any spells.
Your spell library was empty.

Dungeon Overview and Level Annotations

Branches:
Dungeon (2/15)

Altars:

Annotations:
D:2 Robin


Innate Abilities, Weirdness & Mutations

You have a pair of horns on your head.
You reflexively headbutt those who attack you in melee.


Message History

You closely miss the goblin. You headbutt the goblin.
You kill the goblin!
You hit the goblin but do no damage. The goblin hits you but does no damage.
You hit the goblin.
You kill the goblin!
Robin throws the goblin at you! The goblin hits you with a +0 club.
You hit the hobgoblin but do no damage.
The hobgoblin no longer looks unusually strong.
Robin roars a battlecry!
The hobgoblin goes into a battle-frenzy!
The hobgoblin hits you. You block the goblin's attack.
You block Robin's attack. The hobgoblin hits you.
You block the goblin's attack.
You slash the goblin!
You kill the goblin!
Robin hits you but does no damage. You block the hobgoblin's attack.
Unknown command.
The goblin no longer looks unusually strong.
You see here a +0 club.
Unknown command.
You slash the hobgoblin!
You kill the hobgoblin!
The goblin no longer looks unusually strong.
Robin zaps a wand.
The puff of flame hits you!
You barely miss the hobgoblin. You headbutt the hobgoblin.
You kill the hobgoblin!
Robin throws the goblin at you! The goblin barely misses you.
You furiously retaliate!
You headbutt the goblin.
You kill the goblin!
Robin roars a battlecry!
The goblin unwields a +0 dagger.
The goblin wields a +0 sling.
The goblin shoots a sling bullet.
The sling bullet barely misses you.
You see here a +0 club.
Robin zaps a wand.
The puff of flame hits you.
* * * LOW HITPOINT WARNING * * *
The goblin shoots a sling bullet.
The sling bullet hits you.
* * * LOW HITPOINT WARNING * * *
The goblin shoots a sling bullet.
The sling bullet barely misses you.
Robin zaps a wand.
The puff of flame hits you!
You die...

###..# #######..##.##..## #.
#..# #....##.....##...## ##
##.## #..<......####....# #
#..# #....#..### ####.# #
##.# #....#.## ### ##
#.###....#.# ########.
#.#......#.# #....##..
#.)..###.#.###### #.......#
###..# #..@..>..###.....###
#..#####...........).##
####).##...........#....####
#gg†g)##.#..........))).#...
#.###.##.#..........).).....
.g #.##.#..................
... #.##g#..................
...
.####..#.#g.........###.....
.. ........g...........##
#.....


You could see Robin.

Vanquished Creatures
  A worm (D:2)
  A dart slug (D:1)
  3 ball pythons
  5 endoplasms
  A giant cockroach (D:1)
  12 goblins
  5 hobgoblins
  2 quokkas (D:1)
  2 bats (D:2)
  5 frilled lizards
  7 kobolds
  4 rats (D:1)
48 creatures vanquished.

Notes
Turn   | Place    | Note
-------+----------+-------------------------------------------
     0 | D:1      | Peloso the Minotaur Fighter began the quest for the Orb.
     0 | D:1      | Reached XP level 1. HP: 19/19 MP: 0/0
   134 | D:1      | Reached XP level 2. HP: 25/27 MP: 1/1
   848 | D:2      | Reached XP level 3. HP: 33/33 MP: 2/2
  1322 | D:2      | Noticed Robin
  1353 | D:2      | Killed from afar by Robin

Illustrated notes

Levels and vault maps discovered:
D:1:      roderic_crop_circles_arrival_small, layout_loops_ring,
          corexii_leaking_fountain
D:2:      layout_rooms, uniq_robin

Skill      XL: |  1  2  3 |
---------------+----------+-----
Fighting       | 4 |  4.3
Long Blades    | 3 |  3.4
Armour         | 4 |  4.2
Shields        | 4 |  4.0
Dodging        | |  0.2

Action                     || total
---------------------------++-------
  Melee: Long sword        ||    94
         Headbutt          ||     6
    Use: Scroll            ||     1
 Armour: Scale mail        ||    44
  Dodge: Dodged            ||    47
  Block: Buckler           ||    18
         Kite shield       ||     8
